 Dungeon Crawl Stone Soup version 0.31-a0-263-ge8cad7f256 (webtiles) character file.

Game seed: 17748780195107839457

120 qw the Shooter (level 4, -3/37 HPs)
             Began as a Minotaur Hexslinger on July 13, 2023.
             Slain by Pikel
             ... wielding a +0 whip of flaming
              (5 damage)
             ... on level 3 of the Dungeon.
             The game lasted 00:00:54 (2199 turns).

qw the Shooter (Minotaur Hexslinger)                Turns: 2199, Time: 00:00:55

Health: -3/37      AC:  9    Str: 17 (18) XL:     4   Next: 75%
Magic:  4/4        EV: 12    Int:  8 (10) God:
Gold:   101        SH:  0    Dex: 15      Spells: 4/5 levels left

rFire   . . .        Y - +1 sling
rCold   . . .        (no shield)
rNeg    . . .        f - +0 leather armour
rPois   .            (helmet restricted)
rElec   .            g - +0 cloak
rCorr   .            (no gloves)
SInv    .            h - +0 pair of boots {Stlth+}
Will    .....        (no amulet)
Stlth   ++           a - +6 ring of strength
HPRegen 0.26/turn    b - +4 ring of protection
MPRegen 0.09/turn

%: no passive effects
@: no status effects
A: horns 2, retaliatory headbutt
a: no special abilities


You were on level 3 of the Dungeon.
You visited 1 branch of the dungeon, and saw 4 of its levels.

You collected 101 gold pieces.


Innate Abilities, Weirdness & Mutations

You have a pair of horns on your head.
You reflexively headbutt those who attack you in melee.


   Skills:
 + Level 2.5 Fighting
 - Level 5.1 Ranged Weapons
 - Level 2.1 Dodging
 - Level 1.0 Spellcasting
 - Level 2.0 Hexes


You had 4 spell levels left.
You knew the following spells:

 Your Spells              Type           Power      Damage    Failure   Level
a - Slow                  Hex            12%        N/A       22%         1

Your spell library contained the following spells:

 Spells                   Type           Power      Damage    Failure   Level
 Inner Flame              Hex/Fire       2%         N/A       67%         3
 Portal Projectile        Hex/Tloc       4%         N/A       67%         3
 Cause Fear               Hex            1%         N/A       91%         4

Inventory:

Hand Weapons
 Y - a +1 sling (weapon)
Armour
 f - a +0 leather armour (worn)
 g - a +0 cloak (worn)
 h - a +0 pair of boots of stealth (worn)
Jewellery
 a - a +6 ring of strength (left hand)
 b - a +4 ring of protection (right hand)
Scrolls
 d - a scroll of identify
Potions
 c - a potion of cancellation
 i - a potion of enlightenment

Dungeon Overview and Level Annotations

Branches:
Dungeon (4/15)
 Temple: D:4-7

Altars:

Annotations:
D:3 Pikel


Message History

The lemure is severely wounded.
Pikel hits you with a +0 whip of flaming.
Pikel burns you. The lemure hits you. Pikel hits you but does no damage.
The lemure hits you.
You shoot a sling bullet. The sling bullet hits the lemure.
The lemure is almost dead.
The lemure closely misses you. You furiously retaliate!
You headbutt the lemure.
You kill the lemure!
That felt strangely unrewarding.
Pikel misses you.
You shoot a sling bullet. The sling bullet hits Pikel.
Pikel is lightly wounded.
Pikel hits you but does no damage.
You shoot a sling bullet. The sling bullet barely misses Pikel.
Pikel closely misses you. You furiously retaliate!
You headbutt Pikel! You shoot a sling bullet.
The sling bullet hits Pikel but does no damage.
Pikel is moderately wounded.
Pikel says, "You'll rust in Dis!"
Pikel hits you but does no damage.
You shoot a sling bullet. The sling bullet barely misses Pikel.
Pikel hits you but does no damage.
You shoot a sling bullet. The sling bullet barely misses Pikel.
Pikel hits you but does no damage.
Pikel hits you with a +0 whip of flaming!
Pikel burns you.
You shoot a sling bullet.
The sling bullet hits Pikel but does no damage.
Pikel is moderately wounded.
Pikel barely misses you.
You shoot a sling bullet.
The sling bullet hits Pikel but does no damage.
Pikel is moderately wounded.
Pikel closely misses you.
You shoot a sling bullet. The sling bullet hits Pikel.
Pikel is moderately wounded.
Pikel hits you with a +0 whip of flaming.
Pikel burns you.
You shoot a sling bullet. The sling bullet barely misses Pikel.
Pikel hits you with a +0 whip of flaming.
You die...

##.......##.# ###.#.#.###.##
###.#...[.)..# .....##.###..##
###.....###...## ##.#####.###.##
###### #.####.## ##.#
#########..... #......#
#.####......%...... ##.###.##
##)@K...####.##...P. #.#
##.###..###### #.#....P. #.#
##...#.###### #.#..P... ##.##
#####......# #....P.8. #...#
#.......#.# ###.PP..) #...#
#.##.##.#.#####......P ## #...#
#.#................PPP
.###...#####.#.....#.............
...........#.#...............##..


You could see Pikel.

Vanquished Creatures
  A lemure (D:3)
  Jessica (D:3)
  2 adders
  2 dart slugs (D:3)
  5 endoplasms
  5 giant cockroaches
  8 goblins
  6 hobgoblins
  8 kobolds
  5 quokkas
  8 ball pythons
  7 bats
  4 frilled lizards
  3 rats
65 creatures vanquished.

Notes
Turn   | Place    | Note
-------+----------+-------------------------------------------
     0 | D:1      | qw the Minotaur Hexslinger began the quest for the Orb.
     0 | D:1      | Reached XP level 1. HP: 16/16 MP: 1/1
     0 | D:1      | 0 ||| qw: Version: 0.3-a-52-g30416fa
     0 | D:1      | 0 ||| qw: Game counter: 7227
     0 | D:1      | 0 ||| qw: Melee chars always use a shield: true
     0 | D:1      | 0 ||| qw: God list: Okawaru
     0 | D:1      | 0 ||| qw: Allow faded altars: false
     0 | D:1      | 0 ||| qw: Do Orc after clearing Dungeon:15 true
     0 | D:1      | 0 ||| qw: Do second Lair branch before Depths: true
     0 | D:1      | 0 ||| qw: Lair rune preference: random
     0 | D:1      | 0 ||| qw: Goals: Normal
     0 | D:1      | 0 ||| PLANNING D:1-11
   193 | D:1      | Reached skill level 3 in Ranged Weapons
   209 | D:1      | Reached XP level 2. HP: 22/23 MP: 2/2
   615 | D:1      | Found a faded altar of an unknown god.
   686 | D:1      | 686 ||| UPGRADING to +0 leather armour.
   696 | D:1      | 696 ||| DROPPING +0 robe.
   697 | D:1      | 697 ||| UPGRADING to +0 cloak.
   702 | D:1      | 702 ||| READING scroll labelled MIHEIWKARR.
   703 | D:1      | 703 ||| READING scroll labelled KOSIRU DAMM.
   704 | D:1      | 704 ||| DRINKING 2 fizzy black potions.
   705 | D:1      | 705 ||| DROPPING scroll of poison.
   706 | D:1      | 706 ||| DROPPING potion of degeneration.
   730 | D:2      | 730 ||| STAIRDANCE
   736 | D:1      | Reached XP level 3. HP: 24/29 MP: 3/3
   820 | D:2      | Reached skill level 4 in Ranged Weapons
  1519 | D:2      | 1519 ||| UPGRADING to +6 ring of strength.
  1520 | D:2      | 1520 ||| READING 2 scrolls labelled LUCKOOLOES.
  1521 | D:2      | 1521 ||| READING 2 scrolls labelled WOFUP KAEPIEM.
  1522 | D:2      | 1522 ||| READING scroll labelled ONOEHARANI.
  1523 | D:2      | 1523 ||| READING scroll labelled IFOEJU YGIXZA.
  1523 | D:2      | Identified a scroll of acquirement
  1523 | D:2      | 1523 ||| ACQUIRING +0 pair of boots of stealth
  1523 | D:2      | Acquired a +0 pair of boots of stealth
  1525 | D:2      | 1525 ||| UPGRADING to +0 pair of boots of stealth.
  1530 | D:2      | 1530 ||| READING 3 scrolls of identify.
  1530 | D:2      | 1530 ||| IDENTIFYING emerald potion
  1531 | D:2      | 1531 ||| DROPPING scroll of fear.
  1532 | D:2      | 1532 ||| DROPPING scroll of blinking.
  1608 | D:3      | Reached XP level 4. HP: 36/36 MP: 4/4
  1665 | D:3      | Noticed Jessica
  1680 | D:3      | Killed Jessica
  1681 | D:3      | Reached skill level 5 in Ranged Weapons
  2163 | D:3      | 2163 ||| UPGRADING to +4 ring of protection.
  2164 | D:3      | 2164 ||| READING scroll labelled RALLIE ZIRRIHE.
  2168 | D:3      | 2168 ||| READING 2 scrolls of identify.
  2168 | D:3      | 2168 ||| IDENTIFYING bubbling orange potion
  2175 | D:4      | Noticed Pikel
  2175 | D:4      | Noticed a lemure
  2176 | D:4      | Noticed a lemure
  2177 | D:4      | Noticed a lemure
  2179 | D:4      | Noticed a lemure
  2182 | D:4      | 2182 ||| STAIRDANCE
  2190 | D:3      | Killed a lemure
  2195 | D:3      | HP: 9/37 [Pikel/+0 whip of flaming (1)]
  2198 | D:3      | HP: 4/37 [Pikel/+0 whip of flaming (6)]
  2199 | D:3      | Slain by Pikel

Levels and vault maps discovered:
D:1:      dpeg_arrival_castle, layout_loops_ring,
          hellmonk_ecumenical_altar_blasted
D:2:      layout_basic, serial_aquarium, aquarium_bridge_straight
          [aquarium_subvault_bridge, aquarium_subvault_window,
          aquarium_subvault_bridge, aquarium_subvault_wall], aquarium_window_2,
          aquarium_window_fake, aquarium_view_2a, aquarium_balcony_1b
D:3:      layout_loops_cross, dreamdust_mushroom_princess, uniq_jessica
D:4:      layout_cave_pools, kennysheep_little_box, minmay_temple_entry_glass,
          uniq_pikel, uniq_crazy_yiuf_cottage

Skill      XL: |  1  2  3  4 |
---------------+-------------+-----
Ranged Weapons | 3 4 5 |  5.1
Fighting       | 2 |  2.5
Dodging        | |  2.1
Spellcasting   | |  1.0
Hexes          | |  2.0

Action                     |  1- 3 |  4- 6 || total
---------------------------+-------+-------++-------
   Fire: Sling             |   128 |    74 ||   202
    Use: Scroll            |     7 |     2 ||     9
         Potion            |     1 |       ||     1
 Armour: Robe              |     6 |       ||     6
         Leather armour    |    22 |    15 ||    37
  Dodge: Dodged            |    52 |    21 ||    73

Table legend:
 A = Non-vault XP
 B = Vault XP
 C = Vault XP percentage of total XP
 D = Non-vault monster count
 E = Vault monster count
 F = Vault count percentage of total count
                 A         B        C        D         E       F
            +---------+---------+-------+---------+---------+-------
      Total |     135 |      37 |  21.5 |      63 |       1 |   1.6
            +---------+---------+-------+---------+---------+-------
        D:1 |      51 |       0 |   0.0 |      24 |       0 |   0.0
        D:2 |      38 |       0 |   0.0 |      16 |       0 |   0.0
        D:3 |      44 |      37 |  45.7 |      22 |       1 |   4.3
        D:4 |       2 |       0 |   0.0 |       1 |       0 |   0.0
            +---------+---------+-------+---------+---------+-------
